[Event "Titled Tuesday Blitz January 17 Late 2023"]
[White "Hirneise, Jens"]
[Black "Kosakowski, Jakub"]
[WhiteFideId "24614734"]
[BlackFideId "1185080"]
[WhiteElo "2277"]
[BlackElo "2485"]
[Result "1-0"]
[Round "02"]
[TimeControl "180+2"]
[Date "2023.01.17"]
[WhiteClock "0:02:33"]
[BlackClock "0:02:26"]

1. e4 c5 2. Nc3 e6 3. g3 a6 4. Bg2 b5 5. f4 Bb7 6. d3 d5 7. f5 b4 8. fxe6 bxc3 9. exf7+ Kxf7 10. Nf3 Nf6 11. e5 Ng4 12. Ng5+ Kg8 13. Qxg4 Bc8 14. Qxc8 1-0


[Site "https://www.chess.com"]

[Event "Titled Tuesday Blitz January 17 Late 2023"]
[White "Yanchenko, Roman"]
[Black "Martynov, Pavel"]
[WhiteFideId "4137329"]
[BlackFideId "4101260"]
[WhiteElo "2466"]
[BlackElo "2414"]
[Result "0-1"]
[Round "02"]
[TimeControl "180+2"]
[Date "2023.01.17"]
[WhiteClock "0:00:15"]
[BlackClock "0:00:14"]

1. d4 d5 2. c4 e6 3. Nc3 c5 4. e3 Nf6 5. Nf3 Nc6 6. a3 a6 7. h3 Be7 8. dxc5 Bxc5 9. b4 Ba7 10. Bb2 O-O 11. Be2 Re8 12. O-O d4 13. exd4 Nxd4 14. c5 Nxe2+ 15. Qxe2 b6 16. Rfd1 Qc7 17. cxb6 Bxb6 18. Rac1 Qa7 19. Na4 Bb7 20. Rd6 Bxf2+ 21. Kf1 Ne4 22. Be5 Nxd6 23. Bxd6 Qe3 24. Rc7 Bxf3 25. Qxf2 Qd3+ 26. Kg1 Qxd6 27. Rc3 Qd1+ 28. Kh2 Qxa4 29. Rxf3 a5 30. Qd4 axb4 31. Qf4 f6 32. axb4 Rab8 33. Rg3 Kh8 34. Qc7 Rg8 35. Rxg7 Rxg7 36. Qxb8+ Rg8 37. Qd6 Qb5 38. Qe7 Qe5+ 0-1


[Site "https://www.chess.com"]

[Event "Titled Tuesday Blitz January 17 Late 2023"]
[White "Prado Lobo, Jonas"]
[Black "Moroni, Luca Jr"]
[WhiteFideId "32050666"]
[BlackFideId "865834"]
[WhiteElo "2313"]
[BlackElo "2535"]
[Result "1-0"]
[Round "02"]
[TimeControl "180+2"]
[Date "2023.01.17"]
[WhiteClock "0:00:15"]
[BlackClock "0:00:04"]

1. Nf3 g6 2. g3 Bg7 3. Bg2 d6 4. d4 Bd7 5. e4 Nc6 6. Be3 Qc8 7. h3 e5 8. Nc3 Nf6 9. Qd2 O-O 10. O-O-O exd4 11. Nxd4 Ne5 12. Bh6 b5 13. Bxg7 Kxg7 14. f4 Nc4 15. Qe2 Re8 16. Ndxb5 Nb6 17. e5 dxe5 18. fxe5 Nh5 19. Bxa8 Qxa8 20. Nxc7 Qc8 21. Nxe8+ Qxe8 22. Qd2 Nxg3 23. Rhe1 Be6 24. Ne4 Nc4 25. Qc3 Nxe4 26. Rxe4 Qb5 27. b3 Nb6 28. Rd6 Qf1+ 29. Kb2 Qb5 30. Rf4 Nd5 31. Qc4 Qb7 32. Rd4 Nb6 33. Qc6 Qe7 34. a4 Bxh3 35. a5 Nc8 36. Rd8 Qxe5 37. Qc3 Be6 38. Rc4 Qxc3+ 39. Rxc3 Ne7 40. Rc7 a6 41. Rxe7 h5 42. Rxe6 fxe6 43. Rd6 h4 44. Rxa6 h3 45. Rxe6 g5 46. Re1 g4 47. a6 g3 48. a7 g2 49. a8=Q h2 50. Qxg2+ 1-0


[Site "https://www.chess.com"]

[Event "Titled Tuesday Blitz January 17 Late 2023"]
[White "Holt, Conrad"]
[Black "Taboas Rodriguez, Daniel"]
[WhiteFideId "2034387"]
[BlackFideId "2208466"]
[WhiteElo "2540"]
[BlackElo "2371"]
[Result "1-0"]
[Round "02"]
[TimeControl "180+2"]
[Date "2023.01.17"]
[WhiteClock "0:01:08"]
[BlackClock "0:00:41"]

1. d4 Nf6 2. c4 g6 3. Nc3 Bg7 4. e4 d6 5. Nf3 O-O 6. h3 c5 7. d5 e6 8. Bd3 exd5 9. cxd5 a6 10. a4 Nh5 11. O-O Nd7 12. Re1 Ne5 13. Be2 Nxf3+ 14. Bxf3 Nf6 15. Bf4 Re8 16. Qd2 Qc7 17. e5 dxe5 18. d6 Qa5 19. Bxe5 Be6 20. Bxb7 Rab8 21. d7 Nxd7 22. Bxb8 Rxb8 23. Rxe6 Rxb7 24. Re8+ Bf8 25. Rd1 Nf6 26. Ra8 Kg7 27. Qd8 Qxd8 28. Rdxd8 Be7 29. Rdb8 Rd7 30. Rxa6 c4 31. Rc6 Rd4 32. Rb7 Bd8 33. Rc5 h5 34. a5 Rd6 35. Kf1 Ra6 36. Rxc4 Rxa5 37. Ra4 Rc5 38. Raa7 1-0


[Site "https://www.chess.com"]

[Event "Titled Tuesday Blitz January 17 Late 2023"]
[White "Lodici, Lorenzo"]
[Black "Defend, Balint"]
[WhiteFideId "884189"]
[BlackFideId "17004853"]
[WhiteElo "2524"]
[BlackElo "1673"]
[Result "1-0"]
[Round "02"]
[TimeControl "180+2"]
[Date "2023.01.17"]
[WhiteClock "0:01:18"]
[BlackClock "0:00:02"]

1. c4 Nf6 2. Nc3 e6 3. d4 Bb4 4. g3 c5 5. Nf3 O-O 6. Bg2 d5 7. O-O dxc4 8. dxc5 Nc6 9. Nd2 Qd4 10. Nde4 Nxe4 11. Nxe4 Rd8 12. Qc2 Bd7 13. Bf4 g6 14. Bg5 Qe5 15. Bf6 Qf5 16. g4 Qxg4 17. Bxd8 Qf5 18. Bh4 e5 19. Qxc4 Be6 20. Qd3 1-0


[Site "https://www.chess.com"]

[Event "Titled Tuesday Blitz January 17 Late 2023"]
[White "Baules Rodriguez, Jorge Luis"]
[Black "Boruchovsky, Avital"]
[WhiteFideId "6600247"]
[BlackFideId "2800055"]
[WhiteElo "2304"]
[BlackElo "2539"]
[Result "0-1"]
[Round "02"]
[TimeControl "180+2"]
[Date "2023.01.17"]
[WhiteClock "0:00:18"]
[BlackClock "0:00:18"]

1. e4 e6 2. d4 d5 3. e5 c5 4. c3 Nc6 5. Nf3 Bd7 6. a3 Nh6 7. Bd3 Nf5 8. O-O cxd4 9. Bxf5 exf5 10. cxd4 Be7 11. Nc3 Be6 12. Ne1 O-O 13. Be3 Rc8 14. Nd3 Na5 15. Nf4 Nc4 16. Qf3 Nb6 17. Rac1 Qd7 18. Nh5 Kh8 19. Qg3 Rg8 20. Bg5 Nc4 21. Bxe7 Qxe7 22. Rc2 a6 23. Rfc1 h6 24. Ne2 Qg5 25. Nef4 Qxg3 26. hxg3 Nxb2 27. Nxe6 Rxc2 28. Rxc2 Nc4 29. Nef4 Rd8 30. Nxd5 Nxa3 31. Ra2 Rxd5 32. Rxa3 Rxd4 33. Nf4 g5 34. Nd3 Rd5 35. Rb3 b5 36. f4 a5 37. Ne1 b4 38. Rb1 Rd4 39. fxg5 hxg5 40. Nf3 Rc4 41. Nxg5 Kg7 42. Nf3 a4 43. Nd2 Rd4 44. Nf3 Rg4 45. Kf2 b3 46. Nh4 Rb4 47. Nxf5+ Kg6 48. Ne3 a3 49. Nd1 a2 50. Ra1 b2 51. Nxb2 Rxb2+ 52. Kf3 Kf5 53. g4+ Kxe5 54. Kg3 Kf6 55. Kh4 Rxg2 56. Rf1+ Ke6 57. Ra1 Kd5 58. Kg5 Kc4 59. Kf6 Rf2+ 60. Kg7 Kb3 61. g5 Kb2 62. Rxa2+ Kxa2 0-1


[Site "https://www.chess.com"]

[Event "Titled Tuesday Blitz January 17 Late 2023"]
[White "Artemenko, Oleg"]
[Black "Rangel, Daniel"]
[WhiteFideId "14201798"]
[BlackFideId "2124475"]
[WhiteElo "2246"]
[BlackElo "2207"]
[Result "0-1"]
[Round "02"]
[TimeControl "180+2"]
[Date "2023.01.17"]
[WhiteClock "0:00:03"]
[BlackClock "0:00:10"]

1. e4 c5 2. Nf3 g6 3. c3 Bg7 4. d4 cxd4 5. cxd4 d5 6. exd5 Nf6 7. Nc3 Nxd5 8. Bd3 O-O 9. O-O Nc6 10. h3 Ndb4 11. Re1 Nxd4 12. Ne5 Nxd3 13. Nxd3 Bf5 14. Bg5 Re8 15. g4 Bxd3 16. Qxd3 Ne6 17. Qxd8 Raxd8 18. Be3 Bd4 19. Bh6 Bg7 20. Be3 Nd4 21. Bxd4 Bxd4 22. Rad1 Bxc3 23. bxc3 e6 24. Rb1 b6 25. a4 Rd5 26. c4 Rc5 27. Rbc1 Rec8 28. Re4 Ra5 29. Ra1 Rac5 30. Rc1 Kf8 31. f4 R8c6 32. Kf2 Ke7 33. g5 Rd6 34. Ke3 Rd8 35. h4 h5 36. gxh6 Rh8 37. Rd1 Rxh6 38. Red4 Ra5 39. Rd7+ Kf6 40. Rb7 Rxh4 41. Rdd7 Rh7 42. Rxa7 Rh3+ 43. Ke4 Rxa7 44. Rxa7 Ra3 45. Ra6 Kg7 46. Rxb6 Rxa4 47. Rc6 Kf8 48. Rc7 Kg7 49. Ke5 Ra5+ 50. Ke4 Kf6 51. c5 Ra4+ 52. Ke3 Rc4 53. Rc8 Ke7 54. c6 Kd6 55. Rf8 f5 56. Rg8 Rxc6 57. Rxg6 Kd5 58. Rg8 Rc3+ 59. Kd2 Ra3 60. Rg6 Ra2+ 61. Ke3 Ra3+ 62. Ke2 Ra6 63. Ke3 Rc6 64. Ke2 Ke4 65. Rg8 Kxf4 66. Rh8 Ke5 67. Rh4 Rc3 68. Kd2 Rg3 69. Ke2 f4 70. Rh5+ Ke4 71. Ra5 Rg2+ 72. Kf1 Rb2 73. Ra3 e5 74. Ra4+ Kf3 75. Ra3+ Kg4 76. Ra8 e4 77. Rg8+ Kf3 78. Kg1 e3 79. Kh1 e2 80. Rg1 Rd2 81. Rg2 e1=Q+ 82. Rg1 Qh4# 0-1


[Site "https://www.chess.com"]

[Event "Titled Tuesday Blitz January 17 Late 2023"]
[White "Mostbauer, Maximilian"]
[Black "Pakleza, Zbigniew"]
[WhiteFideId "1626680"]
[BlackFideId "1119290"]
[WhiteElo "2167"]
[BlackElo "2494"]
[Result "0-1"]
[Round "02"]
[TimeControl "180+2"]
[Date "2023.01.17"]
[WhiteClock "0:00:06"]
[BlackClock "0:00:04"]

1. d4 d6 2. Nf3 Bg4 3. g3 Bxf3 4. exf3 e6 5. Bg2 c6 6. O-O g6 7. b3 Bg7 8. Bb2 Ne7 9. Nd2 O-O 10. f4 Nd7 11. Nf3 Rc8 12. Qe2 d5 13. Ne5 c5 14. dxc5 Nxc5 15. Rfd1 Qc7 16. c4 dxc4 17. Nxc4 Bxb2 18. Qxb2 Rfd8 19. Qf6 Nf5 20. Ne5 a5 21. Ng4 h5 22. Ne5 Qe7 23. Qxe7 Nxe7 24. Rac1 b6 25. Nc4 Rxd1+ 26. Rxd1 Rb8 27. Rd6 Nf5 28. Rxb6 Rd8 29. Bf3 Rd3 30. Kg2 Nd4 31. Ne5 Rc3 32. Rd6 Nf5 33. Rc6 Rc2 34. Rc8+ Kg7 35. Rc7 Ne3+ 36. Kh3 Rxf2 37. Rxc5 f6 38. Nxg6 Kxg6 39. Bxh5+ Kh6 40. g4 Rf3+ 41. Kh4 Ng2# 0-1


[Site "https://www.chess.com"]

[Event "Titled Tuesday Blitz January 17 Late 2023"]
[White "Boros, Denes"]
[Black "Bilan, Danila"]
[WhiteFideId "722340"]
[BlackFideId "24161918"]
[WhiteElo "2406"]
[BlackElo "2303"]
[Result "1-0"]
[Round "02"]
[TimeControl "180+2"]
[Date "2023.01.17"]
[WhiteClock "0:01:19"]
[BlackClock "0:00:08"]

1. d4 d5 2. Nc3 Nf6 3. Bg5 Bf5 4. h4 e6 5. e4 dxe4 6. g4 Bxg4 7. Bxf6 gxf6 8. Qxg4 f5 9. Qg3 c6 10. O-O-O Nd7 11. f3 Bh6+ 12. Kb1 exf3 13. Nxf3 Qf6 14. Qc7 Rb8 15. d5 cxd5 16. Nxd5 Qd8 17. Bb5 exd5 18. Bxd7+ Kf8 19. Qd6+ 1-0


[Site "https://www.chess.com"]

[Event "Titled Tuesday Blitz January 17 Late 2023"]
[White "Berezin, Viktor"]
[Black "Riehle, Marco"]
[WhiteFideId "14107872"]
[BlackFideId "12904392"]
[WhiteElo "2307"]
[BlackElo "2368"]
[Result "1/2-1/2"]
[Round "02"]
[TimeControl "180+2"]
[Date "2023.01.17"]
[WhiteClock "0:00:27"]
[BlackClock "0:01:31"]

1. d4 d5 2. c4 e6 3. Nf3 Nf6 4. g3 dxc4 5. Bg2 c5 6. O-O Nc6 7. Qa4 cxd4 8. Qxc4 Bd7 9. Bf4 Rc8 10. Nxd4 Nxd4 11. Qxd4 Bc5 12. Qd2 Bc6 13. Bxc6+ Rxc6 14. Qxd8+ Kxd8 15. Nc3 Ke7 16. Rfd1 a6 17. Kg2 Rd8 18. Rxd8 Kxd8 19. Rd1+ Ke7 20. Kf3 Bb4 21. Bd2 g5 22. Bxg5 Bxc3 23. bxc3 Rxc3+ 24. e3 e5 25. Bxf6+ Kxf6 26. Rd7 Ra3 27. Rxb7 Rxa2 28. g4 a5 29. h4 h6 30. Ra7 a4 31. Ra6+ Kg7 32. Ke4 Rxf2 33. Rxa4 Rh2 34. h5 Kf6 35. Ra6+ Kg5 36. Kxe5 Rf2 37. Ra4 f6+ 38. Ke6 Rf3 39. Re4 Rg3 40. Kf7 Rh3 41. Rf4 Rxe3 42. Rxf6 Kxg4 43. Rxh6 Ra3 44. Re6 Kxh5 1/2-1/2


[Site "https://www.chess.com"]

[Event "Titled Tuesday Blitz January 17 Late 2023"]
[White "Ivanisevic, Ivan"]
[Black "ArchibaldCerveza29"]
[WhiteFideId "912417"]
[WhiteElo "2532"]
[BlackElo "2547"]
[Result "0-1"]
[Round "02"]
[TimeControl "180+2"]
[Date "2023.01.17"]
[WhiteClock "0:00:08"]
[BlackClock "0:00:09"]

1. d4 d5 2. c4 e6 3. Nc3 Nf6 4. cxd5 exd5 5. Bf4 Bd6 6. e3 O-O 7. Bd3 Re8 8. Nge2 Bg4 9. f3 Bxf4 10. exf4 Bc8 11. O-O c6 12. Kh1 Qd6 13. Qd2 a5 14. g4 Nbd7 15. f5 Nf8 16. Nf4 Qb4 17. g5 N6d7 18. f6 g6 19. Bc2 Nb6 20. b3 a4 21. a3 Qd6 22. Nxa4 Rxa4 23. bxa4 Nc4 24. Qc1 Re3 25. Ng2 Rc3 26. Re1 Bh3 27. Re2 Ne6 28. Ra2 Bxg2+ 29. Rxg2 Nf4 30. Rf2 Nd3 31. Qa1 Nxf2+ 32. Kg2 Rxc2 33. Rxc2 Ne3+ 34. Kxf2 Nxc2 35. Qc3 Nxa3 36. Qe3 Nc4 37. Qe8+ Qf8 38. Qe7 Qxe7 39. fxe7 Nd6 40. a5 f6 41. gxf6 Kf7 42. f4 Kxf6 43. f5 gxf5 0-1


[Site "https://www.chess.com"]

[Event "Titled Tuesday Blitz January 17 Late 2023"]
[White "Kaasen, Tor Fredrik"]
[Black "Przybylski, Wojciech"]
[WhiteFideId "1516647"]
[BlackFideId "1117599"]
[WhiteElo "2480"]
[BlackElo "2321"]
[Result "1-0"]
[Round "02"]
[TimeControl "180+2"]
[Date "2023.01.17"]
[WhiteClock "0:00:42"]
[BlackClock "0:00:02"]

1. Nf3 Nf6 2. c4 e6 3. e3 d5 4. Nc3 c6 5. b3 Nbd7 6. Bb2 Bd6 7. Be2 O-O 8. O-O b6 9. d4 Bb7 10. Qc2 c5 11. cxd5 exd5 12. Rad1 Rc8 13. Rfe1 Re8 14. Bf1 Qe7 15. Qb1 h6 16. g3 Ne4 17. dxc5 Ndxc5 18. Nxd5 Qe6 19. Nf4 Qg4 20. Bg2 Nxf2 21. Kxf2 Ne4+ 22. Kg1 Nxg3 23. h3 Qd7 24. Qd3 Rcd8 25. Qd4 Nf5 26. Qd3 Qe7 27. Qxf5 Be4 28. Qg4 f5 29. Qg6 Rf8 30. Ne6 Rfe8 31. Nxg7 Qf7 32. Qxf7+ Kxf7 33. Nh5 Rg8 34. Kf2 Bc5 35. Nf4 Rxd1 36. Rxd1 Ke7 37. Nd5+ Kf7 38. Ne5+ Ke6 39. Bxe4 fxe4 40. Nf4+ Kf5 41. Ng4 h5 42. Nh6+ Kg5 43. Nxg8 Kh4 44. Bf6# 1-0


[Site "https://www.chess.com"]

[Event "Titled Tuesday Blitz January 17 Late 2023"]
[White "Taichman, Ori"]
[Black "Kobalia, Mikhail"]
[WhiteFideId "2804069"]
[BlackFideId "4119150"]
[WhiteElo "2299"]
[BlackElo "2578"]
[Result "0-1"]
[Round "02"]
[TimeControl "180+2"]
[Date "2023.01.17"]
[WhiteClock "0:00:11"]
[BlackClock "0:00:21"]

1. e4 c5 2. b3 Nc6 3. Bb2 a6 4. f4 e6 5. Nf3 d5 6. exd5 exd5 7. Qe2+ Qe7 8. Nc3 Nf6 9. O-O-O d4 10. Na4 Bg4 11. Nb6 Rd8 12. Qf2 Ne4 13. Qg1 Qc7 14. Re1 Qxb6 15. h3 Be6 16. Rxe4 Be7 17. Ne5 Nxe5 18. Rxe5 Bf6 19. Re4 O-O 20. Re1 Qc6 21. g4 Bh4 22. Re5 Bd5 23. Rh2 Bf6 24. Re1 Rfe8 25. Rhe2 Rxe2 26. Bxe2 Bh4 27. Rf1 Re8 28. Bd3 b5 29. g5 Bg2 30. Rd1 Qf3 31. Kb1 Bf2 32. Qh2 Qxd1+ 33. Bc1 Re1 0-1


[Site "https://www.chess.com"]

[Event "Titled Tuesday Blitz January 17 Late 2023"]
[White "Bayo Milagro, Alvaro"]
[Black "Vakhlamov, Igor L."]
[WhiteFideId "22275240"]
[BlackFideId "24126748"]
[WhiteElo "2287"]
[BlackElo "2413"]
[Result "1-0"]
[Round "02"]
[TimeControl "180+2"]
[Date "2023.01.17"]
[WhiteClock "0:00:11"]
[BlackClock "0:00:01"]

1. Nf3 Nf6 2. c4 c5 3. d4 cxd4 4. Nxd4 Nc6 5. Nc3 g6 6. g3 Bg7 7. Bg2 O-O 8. O-O Qa5 9. Nc2 d6 10. e3 Bd7 11. Rb1 Rac8 12. b4 Qh5 13. Qxh5 Nxh5 14. Nd5 e6 15. Nf4 Nxf4 16. gxf4 Rfd8 17. Rd1 Be8 18. Bb2 b6 19. Bxg7 Kxg7 20. Na3 Ne7 21. Rd2 Bc6 22. Bxc6 Rxc6 23. Rbd1 d5 24. cxd5 Rxd5 25. Rxd5 Nxd5 26. Nb5 a6 27. Nd4 Rc3 28. b5 axb5 29. Nxb5 Rc2 30. a3 Rb2 31. Nd4 Ra2 32. Rd3 Kf6 33. Kg2 h6 34. h4 Ra1 35. Rb3 h5 36. Nf3 Ra2 37. Ne5 Rc2 38. Nd7+ Kg7 39. Nxb6 Nf6 40. Na4 Ng4 41. Rb2 Nxe3+ 42. Kf3 Rxb2 43. Nxb2 Nd5 44. a4 Kf6 45. a5 Nb4 46. Nc4 Na6 47. Ke4 Nc5+ 48. Kd4 Nb3+ 49. Ke3 Nc5 50. Ne5 Na6 51. Kd4 Kf5 52. Nxf7 Kxf4 53. Kc4 Kg4 54. Kb5 Nc7+ 55. Kb6 Nd5+ 56. Kc5 Nc7 57. Ne5+ Kxh4 58. Nd3 Kg4 59. Kb6 Nd5+ 60. Kb7 h4 61. a6 h3 62. Ne5+ Kf5 63. Nf3 Kf4 64. Nh2 Nc3 65. a7 Nb5 66. a8=Q Nd6+ 67. Kc7 Nb5+ 68. Kb6 Nd4 69. Kc5 e5 70. Qf8+ Ke4 71. Qh6 1-0


[Site "https://www.chess.com"]

[Event "Titled Tuesday Blitz January 17 Late 2023"]
[White "Makridis, Dimitrios"]
[Black "Mendez Fortes, Eduardo Jesus"]
[WhiteFideId "25864475"]
[BlackFideId "3502376"]
[WhiteElo "2356"]
[BlackElo "2250"]
[Result "1-0"]
[Round "02"]
[TimeControl "180+2"]
[Date "2023.01.17"]
[WhiteClock "0:00:51"]
[BlackClock "0:00:07"]

1. e4 e5 2. f4 d5 3. Nf3 exf4 4. e5 Nc6 5. d4 Nge7 6. Bxf4 Ng6 7. Be3 f6 8. Nc3 Bb4 9. exf6 Qxf6 10. Bd3 O-O 11. O-O Bxc3 12. bxc3 Bg4 13. h3 Bxf3 14. Rxf3 Qe6 15. Rb1 Rxf3 16. Qxf3 Rf8 17. Qg3 b6 18. Bd2 Qd6 19. Qxd6 cxd6 20. Bxg6 hxg6 21. Rb5 Ne7 22. Bg5 Nf5 23. Rxd5 Rc8 24. Bd2 Rc6 25. g4 Ne7 26. Rb5 Kf7 27. Kf2 Ke6 28. Ke2 Nd5 29. Kd3 a6 30. Rb1 b5 31. Re1+ Kf7 32. Rf1+ Kg8 33. h4 Nb6 34. h5 d5 35. h6 Nc4 36. Rf8+ Kxf8 37. h7 Re6 38. h8=Q+ Kf7 39. Bf4 Nb2+ 40. Kd2 Nc4+ 41. Kd1 Nb2+ 42. Kc1 Nc4 43. Be5 Nxe5 44. dxe5 Rxe5 45. Qh2 Kf6 46. Qf4+ Ke6 47. Kb2 Re4 48. Qf8 Rxg4 49. Qxg7 b4 50. Qb7 bxc3+ 51. Kb3 Rc4 52. Qxa6+ Kf5 53. a4 g5 54. Qb5 Ke4 55. a5 g4 56. a6 g3 57. a7 g2 58. a8=Q Rd4 59. Qae8+ Kf3 60. Qbe2+ Kg3 61. Q8e3+ Kh2 62. Qh5+ Rh4 63. Qxh4# 1-0


[Site "https://www.chess.com"]

[Event "Titled Tuesday Blitz January 17 Late 2023"]
[White "Ibadov, Dashgyn"]
[Black "Rostovtsev, Dmitry"]
[WhiteFideId "24107514"]
[BlackFideId "34278320"]
[WhiteElo "2391"]
[BlackElo "2264"]
[Result "1/2-1/2"]
[Round "02"]
[TimeControl "180+2"]
[Date "2023.01.17"]
[WhiteClock "0:00:06"]
[BlackClock "0:00:24"]

1. e4 e5 2. Nf3 Nc6 3. d4 exd4 4. Nxd4 Nf6 5. Nxc6 bxc6 6. e5 Qe7 7. Qe2 Nd5 8. c4 Nb6 9. Nd2 g6 10. b3 Bg7 11. Bb2 d6 12. f4 O-O 13. O-O-O Bf5 14. g4 Bd7 15. Bg2 Rfe8 16. Rhe1 a5 17. h3 a4 18. Qf2 axb3 19. axb3 Ra2 20. Nb1 dxe5 21. fxe5 Bh6+ 22. Nd2 Rb8 23. Qd4 c5 24. Qd3 Na4 25. e6 Nxb2 26. Qxd7 Qxd7 27. exd7 Nd3+ 28. Kb1 Rb2+ 29. Ka1 Kf8 30. Bc6 Nxe1 31. Rxe1 Rxd2 32. Re8+ Kg7 33. Rxb8 Bg5 34. Kb1 Rd6 35. Ba4 c6 36. Rb7 Bd8 37. Kc2 f5 38. gxf5 gxf5 39. Rb8 Rxd7 40. Bxc6 Rd6 41. Bd5 f4 42. Rb7+ Kh6 43. Kd3 Rg6 44. Ke4 Bg5 45. Kf3 Bh4 46. Be4 Rg7 47. Rb6+ Kh5 48. Rc6 Be7 49. Kxf4 Bg5+ 50. Kf5 Be3 51. Bf3+ Kh4 52. Ke4 Bg1 53. Bg4 h5 54. Bf5 Kg3 55. Kd5 h4 56. Be6 Rg5+ 57. Ke4 Bd4 58. Bf5 Bg1 59. Rc8 Kh2 60. Bg4 Kg3 61. Bf5 Kg2 62. Rb8 Kg3 63. b4 cxb4 64. Rxb4 Rg7 65. Rb3+ Kh2 66. Rc3 Rc7 67. Kf3 Bd4 68. Rc2+ Kg1 69. Kg4 Bf6 70. c5 Kf1 71. c6 Rg7+ 72. Kf4 Bd8 73. Bd7 Bc7+ 74. Kf5 Rg2 75. Rc1+ Kf2 76. Rc2+ Kg3 77. Rc3+ Kh2 78. Kf6 Rg3 79. Rc4 Re3 80. Rxh4 Bd8+ 81. Kf5 Bxh4 82. c7 Rf3+ 83. Ke4 Rc3 84. c8=Q Rxc8 85. Bxc8 Bd8 86. Bg4 Be7 87. h4 Bd8 88. h5 Bg5 89. Kf5 Bd2 90. h6 Bxh6 1/2-1/2


[Site "https://www.chess.com"]

[Event "Titled Tuesday Blitz January 17 Late 2023"]
[White "Mahdavi, Reza"]
[Black "Munoz, Francisco Javier"]
[WhiteFideId "12595926"]
[BlackFideId "128368"]
[WhiteElo "2339"]
[BlackElo "2389"]
[Result "1-0"]
[Round "02"]
[TimeControl "180+2"]
[Date "2023.01.17"]
[WhiteClock "0:00:45"]
[BlackClock "0:00:03"]

1. e4 e5 2. Nf3 Nc6 3. Nc3 d6 4. d4 exd4 5. Nxd4 Nf6 6. f3 Be7 7. Be3 O-O 8. Qd2 Re8 9. O-O-O Bf8 10. Kb1 Ne5 11. g4 a6 12. g5 Nh5 13. Be2 g6 14. h3 c5 15. Nb3 b5 16. f4 Nc4 17. Bxc4 bxc4 18. Nxc5 Qa5 19. N5a4 Rb8 20. Qd5 Qb4 21. Ka1 Bd7 22. a3 Qb7 23. Qxb7 Rxb7 24. Nb6 Bc6 25. Nxc4 Bxe4 26. Rh2 Rc7 27. Nxd6 Bxd6 28. Rxd6 Bf5 29. Bb6 Rb7 30. Nd5 Re1+ 31. Ka2 Be6 32. Rd8+ Kg7 33. Bd4+ f6 34. c4 Kf7 35. Rc2 Re4 36. Bxf6 Nxf4 37. Rh8 Bxd5 38. Rxh7+ Ke6 39. cxd5+ 1-0


[Site "https://www.chess.com"]

[Event "Titled Tuesday Blitz January 17 Late 2023"]
[White "TheKnightOfBosnia"]
[Black "Cardoso Cardoso, Jose Gabriel"]
[BlackFideId "4430492"]
[WhiteElo "2530"]
[BlackElo "2492"]
[Result "1/2-1/2"]
[Round "02"]
[TimeControl "180+2"]
[Date "2023.01.17"]
[WhiteClock "0:00:07"]
[BlackClock "0:00:03"]

1. e4 g6 2. d4 Bg7 3. Nf3 d6 4. h3 Nf6 5. Bd3 O-O 6. O-O Nc6 7. c3 e5 8. Nbd2 a5 9. Re1 Re8 10. dxe5 Nxe5 11. Nxe5 dxe5 12. Qc2 b6 13. a4 Bb7 14. Nc4 Qe7 15. Bg5 h6 16. Bxf6 Bxf6 17. Rad1 Bg5 18. Ne3 Bxe3 19. Rxe3 Qc5 20. Bb5 c6 21. Be2 Bc8 22. Red3 h5 23. b3 Be6 24. Qb2 Qe7 25. c4 Qc5 26. Qd2 Qe7 27. Qb2 Qg5 28. Qd2 Qxd2 29. R1xd2 Kf8 30. Rd6 Rac8 31. h4 Ke7 32. f3 Bd5 33. cxd5 Kxd6 34. dxc6+ Ke7 35. Rd7+ Kf8 36. Bb5 Re7 37. Rd5 Rcc7 38. Rd8+ Kg7 39. Rb8 Re6 40. Rxb6 Rd6 41. Ra6 f5 42. exf5 gxf5 43. Rxa5 Kf6 44. Ra8 Rd2 45. Rf8+ Ke6 46. Rg8 e4 47. fxe4 fxe4 48. a5 e3 49. Re8+ Kd5 50. Rxe3 Rg7 51. Rd3+ Rxd3 52. Bxd3 Kxc6 53. b4 Rg4 54. b5+ Kb7 55. a6+ Kb6 56. Kf2 Rxh4 57. Be2 Rh1 58. Kg3 h4+ 59. Kf2 Ra1 60. Kf3 Ra4 61. Ke3 Rb4 62. Kf2 Rb3 63. Kg1 Rb2 64. Kf2 Ka7 65. Ke3 Rb4 66. Kf2 Kb6 67. Ke3 Rb3+ 68. Kf2 Rg3 69. Kg1 h3 70. Bf1 hxg2 71. Bxg2 Kxb5 72. a7 Rg8 73. a8=Q Rxa8 74. Bxa8 1/2-1/2


[Site "https://www.chess.com"]

[Event "Titled Tuesday Blitz January 17 Late 2023"]
[White "Tatarinov, Dmitry"]
[Black "Koutlas, Nikolaos"]
[WhiteFideId "24160067"]
[BlackFideId "25827138"]
[WhiteElo "2310"]
[BlackElo "2341"]
[Result "1-0"]
[Round "02"]
[TimeControl "180+2"]
[Date "2023.01.17"]
[WhiteClock "0:01:17"]
[BlackClock "0:00:27"]

1. d4 Nf6 2. c4 g6 3. Nf3 Bg7 4. g3 O-O 5. Bg2 d6 6. O-O c6 7. Nc3 Qa5 8. Re1 Qh5 9. e4 Bg4 10. Qd3 Na6 11. e5 dxe5 12. Nxe5 Nb4 13. Qd2 Rad8 14. a3 Rxd4 15. Qxd4 Nc2 16. Qd2 Nxa1 17. Nxg4 Nxg4 18. h3 Nf6 19. Rxe7 Nb3 20. Qg5 Nxc1 21. Qxc1 Rd8 22. Rxb7 Ne4 23. Bxe4 Bxc3 24. Qxc3 Qxh3 25. Qf3 Qe6 26. Bxc6 Qxc4 27. Kg2 h5 28. Rxa7 h4 29. gxh4 Rd4 30. Qf6 Rg4+ 31. Kh3 Rf4 32. Ra8+ 1-0


[Site "https://www.chess.com"]

[Event "Titled Tuesday Blitz January 17 Late 2023"]
[White "Kovanova, Baira"]
[Black "Jaracz, Pawel"]
[WhiteFideId "4164083"]
[BlackFideId "1102222"]
[WhiteElo "2304"]
[BlackElo "2467"]
[Result "0-1"]
[Round "02"]
[TimeControl "180+2"]
[Date "2023.01.17"]
[WhiteClock "0:00:16"]
[BlackClock "0:00:29"]

1. e4 c5 2. Nf3 e6 3. d4 cxd4 4. Nxd4 Nc6 5. Nc3 Qc7 6. Be3 a6 7. a3 b5 8. g3 Bb7 9. Bg2 Ne5 10. O-O Rc8 11. a4 b4 12. Nce2 Nf6 13. f3 d5 14. exd5 Nxd5 15. Bf2 Bc5 16. b3 O-O 17. Qc1 Rfd8 18. Kh1 Nc3 19. Qf4 Nd5 20. Qc1 a5 21. Qg5 h6 22. Qh4 Ng6 23. Qh3 Qb6 24. Bg1 Nc3 25. Nxc3 Bxd4 26. Bxd4 Rxd4 27. Nb5 Rd2 28. Rad1 Rcxc2 29. Rxd2 Rxd2 30. Qg4 Qc5 31. h4 Qc2 32. Rg1 Ne5 33. Qf4 Bxf3 34. Qxe5 Rxg2 0-1


[Site "https://www.chess.com"]

[Event "Titled Tuesday Blitz January 17 Late 2023"]
[White "Borges Feria, Yasel"]
[Black "Marczuk, Dominik"]
[WhiteFideId "3504921"]
[BlackFideId "1111264"]
[WhiteElo "2439"]
[BlackElo "2253"]
[Result "1-0"]
[Round "02"]
[TimeControl "180+2"]
[Date "2023.01.17"]
[WhiteClock "0:00:33"]
[BlackClock "0:00:16"]

1. d4 Nf6 2. c4 g6 3. Nc3 Bg7 4. e4 O-O 5. h3 d6 6. g4 e5 7. d5 a5 8. Be3 Na6 9. Bg2 Nc5 10. Nge2 c6 11. Ng3 cxd5 12. cxd5 a4 13. O-O b5 14. a3 Qa5 15. Na2 Nb3 16. Rb1 Bd7 17. Nb4 Rac8 18. Qe2 Rc4 19. f3 Rfc8 20. Kh1 Ne8 21. Qf2 Nd4 22. f4 f6 23. Rbc1 Rxc1 24. Rxc1 Rxc1+ 25. Bxc1 Qc7 26. Be3 Qc4 27. Bf1 Qb3 28. Kh2 Qd1 29. Bxd4 Qxd4 30. Qxd4 exd4 31. Bd3 Kf7 32. Kg2 f5 33. exf5 Nf6 34. g5 Ne8 35. f6 Bf8 36. h4 Nc7 37. Ne2 Bc8 38. Nxd4 Bb7 39. Be4 h6 40. Kf3 h5 41. Ne6 1-0


[Site "https://www.chess.com"]